 Dungeon Crawl Stone Soup version 0.30-a0-622-gddc90eaa04 (webtiles) character file.

Game seed: 4148157943096429272

18 testman the Trooper (level 2, -1/29 HPs)
             Began as a Gnoll Wanderer on Jan 10, 2023.
             Succumbed to an adder's poison
             ... on level 2 of the Dungeon.
             The game lasted 00:02:11 (769 turns).

testman the Trooper (Gnoll Wanderer)                 Turns: 769, Time: 00:02:12

Health: -1/29      AC:  4    Str:  9    XL:     2   Next: 66%
Magic:  2/2        EV: 10    Int:  9    God:
Gold:   63         SH:  7    Dex: 15    Spells: 2/2 levels left

rFire   . . .      SeeInvis .    i - +0 war axe
rCold   . . .      Faith    .    f - +2 buckler
rNeg    . . .      Spirit   .    h - +0 leather armour
rPois   .          Reflect  .    (no helmet)
rElec   .          Harm     .    c - +0 cloak
rCorr   .          Rampage  .    (no gloves)
Will    .....                    (no boots)
Stlth   +++                      (no amulet)
HPRegen 0.24/turn                (no ring)
MPRegen 0.08/turn                (no ring)

@: mighty, lethally poisoned (-1 -> -8)
A: fangs 1, strong nose, distributed training
a: no special abilities


You were on level 2 of the Dungeon.
You visited 1 branch of the dungeon, and saw 2 of its levels.

You collected 63 gold pieces.

Inventory:

Hand Weapons
 a - a +0 dagger
 i - a +0 war axe (weapon)
Missiles
 g - 9 poisoned darts (quivered)
Armour
 c - a +0 cloak (worn)
 e - a +0 robe
 f - a +2 buckler (worn)
 h - a +0 leather armour (worn)
Scrolls
 b - a scroll of fog
 k - a scroll of teleportation {unknown}
Potions
 d - a potion of lignification


   Skills:
 + Level 6.5 Fighting
 + Level 0.5 Short Blades
 + Level 0.5 Long Blades
 + Level 0.5 Axes
 + Level 0.5 Maces & Flails
 + Level 0.5 Polearms
 + Level 0.5 Staves
 + Level 0.5 Ranged Weapons
 + Level 0.5 Throwing
 + Level 2.5 Armour
 + Level 0.5 Dodging
 + Level 5.9 Stealth
 + Level 4.5 Shields
 + Level 0.5 Unarmed Combat
 + Level 0.5 Spellcasting
 + Level 0.3 Conjurations
 + Level 0.3 Hexes
 + Level 0.3 Summonings
 + Level 0.3 Necromancy
 + Level 0.3 Translocations
 + Level 0.3 Transmutations
 + Level 0.3 Fire Magic
 + Level 0.3 Ice Magic
 + Level 0.3 Air Magic
 + Level 0.3 Earth Magic
 + Level 0.3 Poison Magic
 + Level 0.6 Invocations
 + Level 2.5 Evocations


You had 2 spell levels left.
You didn't know any spells.
Your spell library was empty.

Dungeon Overview and Level Annotations

Branches:
Dungeon (2/15)

Altars:


Innate Abilities, Weirdness & Mutations

You have very sharp teeth.
Your uncanny sense of smell can sniff out nearby items.
Your experience applies equally to all skills.


Message History

The worm is heavily wounded.
You slash the worm!
The worm is almost dead.
The worm bites you.
You hit the worm.
You kill the worm!
You block the adder's attack.
You hit the adder but do no damage.
The adder bites you but does no damage. x2
You barely miss the adder.
An adder comes into view.
The adder bites you.
You are poisoned.
The adder poisons you! The adder bites you but does no damage.
You barely miss the adder. Your bite misses the adder.
You feel sick.
The adder bites you. x2; The adder closely misses you.
You are too injured to fight recklessly!
You are too injured to fight recklessly!
You are too injured to fight recklessly!
Sorry, you're not good enough to have a special ability.
You hit the adder.
The adder is lightly wounded.
You hit the adder.
You feel sick. You block the adder's attack. The adder bites you.
The adder barely misses you. x2
Okay, then.
You hit the adder but do no damage.
The adder is heavily wounded.
You completely miss the adder.
You feel sick. The adder bites you.
* * * LOW HITPOINT WARNING * * *
You are more poisoned.
The adder poisons you! The adder barely misses you. The adder bites you.
* * * LOW HITPOINT WARNING * * *
You are more poisoned.
The adder poisons you! You block the adder's attack.
The adder attacks as you move away! You block the adder's attack.
* * * LOW HITPOINT WARNING * * *
You feel sick. The adder bites you.
* * * LOW HITPOINT WARNING * * *
It was a potion of might.
You feel very mighty all of a sudden.
You die...

#.#.... .#.#..
.#.#. .!.. #
>.. #. #.#
##.##†# #...S.#
# .. #...@S#
.##...
###...##......
##......#
##..##.#
##.##.# #.##.#
#.##.#########
#.##.#.......#
##...#.#####.##


You could see 2 adders.

Vanquished Creatures
  A worm (D:2)
  A dart slug (D:1)
  A ball python (D:1)
  2 goblins (D:1)
  A hobgoblin (D:1)
  A quokka (D:1)
  3 bats (D:1)
  A frilled lizard (D:1)
  2 kobolds (D:1)
  A rat (D:1)
14 creatures vanquished.

Notes
Turn   | Place    | Note
-------+----------+-------------------------------------------
     0 | D:1      | testman the Gnoll Wanderer began the quest for the Orb.
     0 | D:1      | testman set off with the following items: a +0 dagger, a
                  | scroll of fog, a +0 cloak, a potion of lignification, a +0
                  | robe, a +2 buckler.
     0 | D:1      | Reached XP level 1. HP: 23/23 MP: 1/1
   234 | D:1      | Reached XP level 2. HP: 29/29 MP: 2/2
   768 | D:2      | HP: 1/29 [adder (1)]
   769 | D:2      | Succumbed to an adder's poison

Illustrated notes

Levels and vault maps discovered:
D:1:      dpeg_arrival_rhombus, layout_basic, hex_large, minmay_misc_feat_iff
D:2:      minmay_evil_eye, layout_loops_cross, minmay_misc_feat_alley

Action                   || total
-------------------------++-------
Melee: Dagger            ||    36
       Bite              ||     6
       War axe           ||    26
  Use: Potion            ||     1
 Stab: Sleeping          ||     5
Armor: Leather armour    ||    20
       Robe              ||     3
Dodge: Dodged            ||    23
Block: Buckler           ||    22

Table legend: (Time is in decaauts)
 A = Elapsed time spent in this place.
 B = Non-inter-level travel time spent in this place.
 C = Inter-level travel time spent in this place.
 D = Time resting spent in this place.
 E = Time spent auto-exploring this place.
 F = Levels seen in this place.
 G = Mean time per level.
                   A        B        C        D        E       F      G
               +--------+--------+--------+--------+--------+-----+--------+
         Total |    783 |    709 |     74 |      0 |    505 |   2 |  391.5 |
       Dungeon |    783 |    709 |     74 |      0 |    505 |   2 |  391.5 |
               +--------+--------+--------+--------+--------+-----+--------+

Top non-repeatable levels by time:
     D:1: 736 daAuts
     D:2: 47 daAuts
